 Dungeon Crawl Stone Soup version 0.31.0-4-g52a2dc7128 (webtiles) character file.

Game seed: 9886272047358234359

104 GreatBamboolord the Digger (level 4, -2/25 HPs)
             Began as a Gargoyle Earth Elementalist on Jan 21, 2024.
             Incinerated by a bombardier beetle (5 damage)
             ... with a burning spray
             ... on level 6 of the Dungeon.
             The game lasted 00:04:36 (2367 turns).

GreatBamboolord the Digger (GrEE)                   Turns: 2367, Time: 00:04:37

Health: -2/25      AC:  6    Str: 12    XL:     4   Next: 80%
Magic:  2/8        EV: 12    Int: 17    God:
Gold:   143        SH:  0    Dex: 10    Spells: 4/8 levels left

rFire   . . .        n - +0 mace
rCold   . . .        (no shield)
rNeg    + . .        a - +0 robe
rPois   ∞            (no helmet)
rElec   +            m - +0 cloak
rCorr   +            (no gloves)
SInv    .            (no boots)
Will    .....        (no amulet)
Stlth   +            k - ring of resist corrosion
HPRegen 0.24/turn    (no ring)
MPRegen 0.11/turn

%: no passive effects
@: on fire, glowing
A: sickness immunity, AC +3, negative energy resistance 1, electricity
resistance, torment resistance 1, petrification resistance
a: no special abilities


You were on level 6 of the Dungeon.
You visited 1 branch of the dungeon, and saw 4 of its levels.

You collected 143 gold pieces.

Inventory:

Hand Weapons
 g - a +0 short sword
 n - a +0 mace (weapon)
Armour
 a - a +0 robe (worn)
 i - a +0 buckler
 m - a +0 cloak (worn)
Jewellery
 k - a ring of resist corrosion (left hand)
Scrolls
 c - a scroll of noise {unknown}
 d - a scroll of teleportation {unknown}
 e - a scroll of revelation {unknown}
 l - a scroll of identify {unknown}
 p - a scroll of enchant weapon {unknown}
 r - a scroll of immolation {unknown}
 s - 2 scrolls of amnesia {unknown}
 t - a scroll of blinking {unknown}
 v - 3 scrolls of enchant armour {unknown}
Potions
 b - a potion of magic
 f - 2 potions of mutation {unknown}
 h - a potion of invisibility {unknown}
 j - a potion of heal wounds {unknown}
 o - a potion of brilliance {unknown}
 q - a potion of degeneration {unknown}
 u - a potion of might {unknown}
 w - a potion of curing {unknown}


   Skills:
 + Level 1.1 Fighting
 * Level 2.3 Dodging
 + Level 2.6 Stealth
 * Level 2.6 Spellcasting
 * Level 2.2 Conjurations
 * Level 4.2 Earth Magic


You had 4 spell levels left.
You knew the following spells:

 Your Spells              Type           Power      Damage    Failure   Level
a - Sandblast             Erth           32%        2d9       3%          1
b - Stone Arrow           Conj/Erth      26%        3d8       14%         3

Your spell library contained the following spells:

 Spells                   Type           Power      Damage    Failure   Level
 Passwall                 Erth           16%        N/A       10%         3
 Brom's Barrelling Bould  Conj/Erth      13%        2d4       43%         4
 Tukima's Dance           Hex            2%         N/A       50%         3
 Petrify                  Alch/Erth      9%         N/A       58%         4
 Passage of Golubria      Tloc           2%         N/A       88%         4
 Yara's Violent Unravell  Hex/Alch       1%         3d3       99%         5


Dungeon Overview and Level Annotations

Branches:
Dungeon (3/15)

Altars:

Shops:
D:1 =   D:2 (


Innate Abilities, Weirdness & Mutations

You are immune to sickness and miasma.
Your stone body is resilient. (AC +3)
You are immune to poison.
You resist negative energy. (rN+)
You are resistant to electric shocks. (rElec)
You are resistant to unholy torment.
You are immune to petrification.


Message History

A bombardier beetle comes into view.
You see here 9 gold pieces.
A bombardier beetle is nearby!
A bombardier beetle is nearby!
The blast of sand hits the bombardier beetle but does no damage.
The bombardier beetle sprays incendiary fluid at you.
The burning spray misses you.
The blast of sand hits the bombardier beetle.
The bombardier beetle is lightly wounded.
The blast of sand hits the bombardier beetle.
The bombardier beetle is heavily wounded.
The bombardier beetle sprays incendiary fluid at you.
The burning spray hits you.
You are covered in liquid fire!
The blast of sand hits the bombardier beetle.
The bombardier beetle is severely wounded.
The liquid fire burns you!
The blast of sand hits the bombardier beetle but does no damage.
The bombardier beetle is severely wounded.
The liquid fire burns you!
The bombardier beetle sprays incendiary fluid at you.
The burning spray hits you.
You are even more covered in liquid fire!
Aiming: Sandblast (safe; 3% risk of failure)
Press: ? - help, Q - select action Shift-Dir - straight line, f/p - bombardier beetle
Aim: a bombardier beetle (severely wounded, 89% to hit)
The blast of sand hits the bombardier beetle.
The bombardier beetle is almost dead.
The liquid fire burns you!
* * * LOW HITPOINT WARNING * * *
You shake off some of the fire as you move.
The liquid fire burns you!
* * * LOW HITPOINT WARNING * * *
Aiming: Sandblast (safe; 3% risk of failure)
Press: ? - help, Q - select action Shift-Dir - straight line, f/p - bombardier beetle
Aim: a bombardier beetle (almost dead, 89% to hit)
The blast of sand hits the bombardier beetle.
You kill the bombardier beetle!
The liquid fire burns you!
You die...

######
###########....#########
..#.........#....$.....#
..+..........#..@##...#.#
..#...........#..# .#..#
..#............#... .. #
..#.............#..# ..
..#....[.....##..##.. .#
#'##.##.##...##..# ..# #
#.##.##.##......#.. ..
#.....#.)......# .. ..
#.....#.......#..


There were no monsters in sight!

Vanquished Creatures
  A bombardier beetle (D:6)
  Natasha (D:2)
  3 adders (D:2)
  2 dart slugs
  2 ribbon worms (D:2)
  An orc (D:6)
  2 endoplasms
  A giant cockroach (D:2)
  2 hobgoblins
  5 jackals
  5 kobolds
  3 quokkas
  4 ball pythons
  2 bats
  4 frilled lizards
  A goblin (D:2)
  6 rats
45 creatures vanquished.

Notes
Turn   | Place    | Note
-------+----------+-------------------------------------------
     0 | D:1      | GreatBamboolord the Gargoyle Earth Elementalist began the
                  | quest for the Orb.
     0 | D:1      | Reached XP level 1. HP: 10/10 MP: 3/3
    89 | D:1      | Found Behia's Jewellery Boutique.
   358 | D:1      | Reached XP level 2. HP: 13/15 MP: 0/5
   963 | D:2      | Identified the +3 ring mail of Apathy {-Tele rN+ rCorr
                  | Str+2}
  1099 | D:2      | Reached XP level 3. HP: 20/20 MP: 4/6
  1170 | D:2      | Learned a level 3 spell: Stone Arrow
  1367 | D:2      | Reached skill level 4 in Earth Magic
  1397 | D:2      | Identified the +2 cloak of Vehumet's Hope {rElec rF+ rN+
                  | Int-3}
  1425 | D:2      | Noticed Natasha
  1429 | D:2      | Killed Natasha
  1430 | D:2      | Reached skill level 1 in Fighting
  1430 | D:2      | Reached XP level 4. HP: 18/25 MP: 2/7
  2164 | D:2      | Found Irizxim's Weapon Emporium.
  2299 | D:3      | You fall into a shaft and drop 3 floors!
  2367 | D:6      | Incinerated by a bombardier beetle

Illustrated notes

Levels and vault maps discovered:
D:1:      spicycebolla_green_bress_n_ham, layout_basic, serial_shops, shop
D:2:      layout_loops_corners, serial_shops, shop, uniq_natasha
D:3:      layout_rooms, serial_bayou, serial_bayou_pond_d,
          serial_bayou_crossing, serial_bayou_shore_a, serial_bayou_lagoon_b,
          interstate_on_off, nicolae_concentric_dashed_squares_wild
D:6:      layout_gridville, minivault_26, minmay_bent

Skill      XL: |  1  2  3 |
---------------+----------+-----
Dodging        | 2 |  2.3
Earth Magic    | 4 |  4.2
Fighting       | 1 |  1.1
Conjurations   | 2 |  2.2
Stealth        | |  2.6
Spellcasting   | |  2.6

Action                     |  1- 3 |  4- 6 || total
---------------------------+-------+-------++-------
  Melee: Unarmed           |     6 |       ||     6
         Short sword       |     9 |       ||     9
         Mace              |       |     2 ||     2
   Cast: Sandblast         |    35 |    39 ||    74
 Armour: Robe              |    17 |    15 ||    32
  Dodge: Dodged            |    23 |    24 ||    47
